Map: Acropolis LE

Players

SortOf - Winner!

  • Race: Zerg Zerg
  • Spawn Location: 5:00

Zanster

  • Race: Zerg Zerg
  • Spawn Location: 11:00

VOD

Have the link to the VOD?

Description

Time

  • Played on: Sept. 6, 2019, 1:09 p.m.
  • Length: 9:25
Show
View Real Time Build Order
Export as new Build Order

SortOf Zerg - Winner!

Build Orders: Hatch First 

Get SALT Encoding   

  12  0:01  Drone  
  13  0:13  Overlord  
  13  0:17  Drone  
  14  0:31  Drone x2  
  16  0:48  Hatchery  
  15  0:51  Drone  
  15  0:55  Drone  
  17  0:57  Drone  
  18  1:10  Extractor  
  17  1:13  Spawning Pool  
  17  1:16  Drone  
  17  1:19  Drone  
  18  1:28  Drone  
  19  1:39  Drone  
  20  1:50  Overlord  
  20  1:59  Queen  
  20  2:00  Drone  
  20  2:01  Drone, Queen  
  26  2:09  Metabolic Boost  
  26  2:10  Drone  
  26  2:11  Drone  
  28  2:23  Drone x2  
  30  2:33  Hatchery  
  30  2:35  Drone  
  30  2:37  Drone  
  31  2:44  Baneling Nest  
  31  2:46  Drone  
  31  2:48  Overlord  
  31  2:53  Zergling x2  
  31  2:54  Zergling x2  
  33  3:00  Queen  
  33  3:04  Drone  
  36  3:10  Drone x3  
  36  3:12  Drone  
  40  3:16  Zergling x2  
  40  3:19  Overlord  
  41  3:27  Drone  
  42  3:31  Drone  
  43  3:36  Overlord  
  43  3:40  Zergling x12  
  49  3:45  Drone x2  
  49  3:46  Baneling x2  
  50  3:52  Drone  
  50  3:53  Lair  
  51  3:55  Extractor  
  51  3:57  Drone  
  51  3:58  Evolution Chamber, Drone  
  51  4:03  Drone  
  51  4:06  Drone  
  53  4:10  Drone, Roach Warren, Extractor  
  53  4:11  Drone  
  53  4:17  Drone x2  
  53  4:18  Baneling x2  
  53  4:23  Drone x3  
  53  4:24  Overlord  
  58  4:30  Drone x5  
  62  4:35  Drone x2  
  63  4:42  Drone  
  63  4:43  Overlord  
  63  4:47  Overlord  
  63  4:48  Zerg Missile Weapons Level 1  
  63  4:51  Drone x4  
  68  4:52  Roach  
  68  4:55  Glial Reconstitution  
  68  4:57  Baneling  
  68  4:58  Zergling x2  
  68  4:59  Zergling x2  
  70  5:04  Drone x4  
  74  5:07  Drone x2  
  74  5:12  Drone  
  76  5:17  Extractor  
  76  5:18  Drone x7, Extractor  
  76  5:19  Drone  
  76  5:21  Overseer  
  82  5:24  Roach x2  
  82  5:25  Roach  
  82  5:26  Overlord  
  88  5:30  Overlord  
  88  5:36  Roach  
  88  5:40  Hatchery  
  89  5:44  Overlord  
  89  5:46  Overlord  
  89  5:49  Roach x4  
  97  5:53  Overlord  
  97  5:56  Roach x2  
  101  6:01  Roach  
  101  6:02  Roach  
  101  6:03  Nydus Network  
  103  6:04  Roach  
  103  6:05  Roach  
  103  6:06  Overlord  
  103  6:07  Extractor  
  103  6:10  Roach x2  
  110  6:14  Overlord  
  110  6:16  Roach x2  
  114  6:20  Overlord  
  114  6:21  Overlord  
  114  6:25  Roach x3  
  120  6:28  Overlord  
  120  6:30  Roach  
  120  6:31  Roach  
  124  6:38  Roach x5  
  133  6:43  Nydus Canal  
  133  6:46  Roach x3  
  136  6:51  Roach  
  138  6:55  Roach x3  
  138  6:59  Nydus Canal  
  154  7:01  Roach x5  
  154  7:02  Roach  
  154  7:05  Roach  
  152  7:13  Roach x6  
  152  7:15  Nydus Canal  
  162  7:18  Roach x2  
  161  7:25  Drone x6  
  161  7:35  Roach x4  
  149  7:40  Roach  
  137  7:46  Queen  
  137  7:47  Roach x3  
  137  7:50  Roach x5  
  149  7:53  Nydus Canal  
  149  7:54  Roach  
  143  7:58  Roach  
  143  7:59  Roach x5  
  143  8:02  Roach  
  143  8:04  Roach  
  149  8:08  Roach x3  
  147  8:14  Roach  
  147  8:19  Nydus Canal, Roach  
  149  8:20  Roach  
  149  8:22  Roach x4  
  149  8:27  Roach x3  
  163  8:29  Roach  
  163  8:32  Roach x2  
  163  8:33  Roach  
  163  8:38  Roach x3  
  163  8:42  Roach  
  161  8:48  Overlord  
  161  8:51  Roach x3, Extractor  
  161  8:55  Nydus Canal, Overlord  
  166  8:57  Overlord  
  166  8:59  Overlord  
  166  9:01  Overlord  
  166  9:04  Overlord x2  
  166  9:08  Drone x6  
  166  9:20  Nydus Canal  
Show
View Real Time Build Order
Export as new Build Order

Zanster Zerg 

Build Orders: Hatch First 

Get SALT Encoding   

  12  0:00  Drone  
  13  0:12  Overlord  
  13  0:17  Drone  
  14  0:31  Drone x2  
  16  0:49  Hatchery  
  15  0:51  Drone  
  15  0:54  Drone  
  17  0:57  Drone  
  18  1:08  Extractor  
  17  1:13  Spawning Pool  
  17  1:15  Drone  
  17  1:19  Drone  
  18  1:28  Drone  
  19  1:38  Drone  
  20  1:49  Drone  
  21  2:01  Queen x2  
  21  2:02  Overlord  
  21  2:03  Drone  
  21  2:08  Metabolic Boost  
  26  2:11  Drone x2  
  28  2:21  Drone  
  28  2:22  Drone  
  30  2:33  Hatchery  
  29  2:40  Drone x2  
  29  2:42  Baneling Nest  
  30  2:46  Overlord  
  30  2:48  Drone  
  31  2:54  Drone  
  31  2:55  Drone  
  33  3:00  Queen  
  35  3:10  Drone x3  
  35  3:11  Drone  
  35  3:12  Zergling x4  
  41  3:14  Zergling x2  
  41  3:18  Overlord  
  42  3:23  Evolution Chamber, Zergling x2  
  42  3:26  Drone  
  43  3:30  Drone  
  44  3:40  Drone  
  45  3:41  Drone x3  
  45  3:42  Drone x3  
  45  3:43  Extractor  
  45  3:47  Drone x2  
  52  3:49  Zerg Missile Weapons Level 1  
  52  3:55  Overlord  
  52  3:56  Drone x2  
  52  4:00  Baneling  
  52  4:01  Baneling  
  53  4:07  Queen  
  53  4:08  Drone, Roach Warren  
  55  4:10  Baneling x2  
  55  4:15  Zergling x8  
  59  4:18  Baneling  
  59  4:23  Zergling x10  
  64  4:25  Overlord  
  63  4:33  Drone  
  63  4:34  Drone  
  65  4:40  Overlord  
  65  4:44  Drone x7  
  72  4:46  Lair  
  72  4:50  Drone  
  73  4:57  Overlord  
  73  4:58  Overlord  
  73  4:59  Drone  
  74  5:03  Drone x6  
  79  5:09  Overlord  
  79  5:11  Drone  
  79  5:17  Drone x4  
  79  5:20  Extractor x2  
  79  5:26  Drone x6  
  85  5:28  Drone  
  85  5:30  Overlord  
  85  5:31  Hatchery, Extractor  
  85  5:35  Pneumatized Carapace  
  84  5:37  Extractor  
  84  5:39  Roach x4  
  91  5:47  Roach x5  
  101  5:54  Zerg Missile Weapons Level 2  
  101  5:55  Overlord  
  101  6:00  Roach x2  
  101  6:01  Overlord  
  101  6:02  Drone  
  101  6:03  Drone x2  
  108  6:05  Roach x3  
  108  6:07  Overlord  
  114  6:17  Overlord  
  114  6:19  Roach x2  
  114  6:22  Overseer  
  117  6:26  Roach x6  
  117  6:28  Glial Reconstitution  
  117  6:30  Drone x2  
  131  6:38  Overlord x2  
  131  6:43  Overlord  
  129  6:47  Roach  
  129  6:48  Roach x2  
  129  6:51  Roach x6  
  143  6:55  Roach  
  143  6:56  Roach x3  
  143  6:57  Overlord  
  151  7:12  Hatchery, Roach x3  
  151  7:13  Roach  
  156  7:22  Roach x4  
  164  7:28  Roach x3  
  170  7:34  Roach x2  
  154  7:39  Roach  
  154  7:41  Roach  
  138  7:47  Roach  
  138  7:51  Roach x7  
  144  7:53  Roach x3  
  144  7:54  Zergling x2  
  141  8:01  Queen, Roach x2  
  141  8:02  Queen  
  141  8:04  Roach  
  139  8:07  Roach  
  131  8:16  Roach x2  
  128  8:25  Roach x6  
  134  8:29  Roach  
  124  8:35  Roach  
  110  8:47  Roach x4  
  120  8:51  Roach  
  120  8:52  Roach x3  
  120  8:55  Roach  
  126  8:56  Roach  
Tags
 
Add a new tag
Caveats
  • Supply blocks, unpowered buildings, or Contaminate may cause inaccurate times.
  • Supply counts are checked every 10 seconds.